 Dungeon Crawl Stone Soup version 0.28.0-53-g5a82cb258f (webtiles) character file.

Game seed: 16054502066183372657

6 DocClef the Shield-Bearer (level 1, -3/23 HPs)
             Began as a Gnoll Fighter on June 28, 2022.
             Succumbed to a kobold's poison
             ... on level 1 of the Dungeon.
             The game lasted 00:00:09 (148 turns).

DocClef the Shield-Bearer (Gnoll Fighter)            Turns: 148, Time: 00:00:09

Health: -3/23      AC:  7    Str: 15    XL:     1   Next: 90%
Magic:  1/1        EV:  9    Int:  7    God:
Gold:   21         SH:  5    Dex: 11    Spells: 0/0 levels left

rFire   . . .      SeeInvis .   a - +0 flail
rCold   . . .      Faith    .   c - +0 buckler
rNeg    . . .      Spirit   .   b - +0 scale mail
rPois   .          Reflect  .   (no helmet)
rElec   .          Harm     .   (no cloak)
rCorr   .          Rampage  .   (no gloves)
Will    .....                   (no boots)
Stlth   ..........              (no amulet)
HPRegen 0.07/turn               (no ring)
MPRegen 0.07/turn               (no ring)

@: lethally poisoned (-3 -> -21)
A: fangs 1, strong nose, distributed training
a: no special abilities


You were on level 1 of the Dungeon.
You visited 1 branch of the dungeon, and saw 1 of its levels.

You collected 21 gold pieces.

Inventory:

Hand Weapons
 a - a +0 flail (weapon)
Armour
 b - a +0 scale mail (worn)
 c - a +0 buckler (worn)
Scrolls
 e - a scroll of teleportation {unknown}
 g - a scroll of identify {unknown}
Potions
 d - a potion of might
 f - a potion of invisibility {unknown}


   Skills:
 + Level 6.4 Fighting
 + Level 0.2 Short Blades
 + Level 0.2 Long Blades
 + Level 0.2 Axes
 + Level 4.4 Maces & Flails
 + Level 0.2 Polearms
 + Level 0.2 Staves
 + Level 0.2 Slings
 + Level 0.2 Bows
 + Level 0.2 Crossbows
 + Level 0.2 Throwing
 + Level 6.4 Armour
 + Level 0.2 Dodging
 + Level 0.2 Stealth
 + Level 6.4 Shields
 + Level 0.2 Unarmed Combat
 + Level 0.2 Spellcasting
 + Level 0.1 Conjurations
 + Level 0.1 Hexes
 + Level 0.1 Summonings
 + Level 0.1 Necromancy
 + Level 0.1 Translocations
 + Level 0.1 Transmutations
 + Level 0.1 Fire Magic
 + Level 0.1 Ice Magic
 + Level 0.1 Air Magic
 + Level 0.1 Earth Magic
 + Level 0.1 Poison Magic
 + Level 0.3 Invocations
 + Level 0.2 Evocations


You couldn't memorise any spells.
You didn't know any spells.
Your spell library was empty.

Dungeon Overview and Level Annotations

Branches:
Dungeon (1/15)

Altars:


Innate Abilities, Weirdness & Mutations

You have very sharp teeth.
Your uncanny sense of smell can sniff out nearby items.
Your experience applies equally to all skills.


Message History

A kobold comes into view. It is wielding a +0 club.
The kobold shouts!
A kobold is nearby!
A kobold is nearby!
A kobold is nearby!
A ball python comes into view.
A kobold comes into view.
It is wielding a +2 short sword of venom.
The kobold shouts!
The ball python hisses angrily.
The kobold hits you with a +0 club.
You barely miss the kobold. The kobold hits you but does no damage.
You thump the kobold!
You kill the kobold!
The ball python barely misses you. x2; You block the ball python's attack.
The ball python misses you.
Things that are here:
a +0 club; a kobold corpse You hit the ball python.
You kill the ball python!
You closely miss the kobold. The kobold hits you but does no damage.
You are poisoned.
You block the kobold's attack.
You hit the kobold but do no damage.
You feel sick. The kobold hits you but does no damage.
You are more poisoned.
You miss the kobold.
You feel very sick. The kobold barely misses you.
You closely miss the kobold.
You feel very sick. The kobold closely misses you.
You closely miss the kobold.
You feel very sick.
The kobold hits you with a +2 short sword of venom.
You are more poisoned.
You are too injured to fight recklessly!
You sock the kobold!
You kill the kobold!
* * * LOW HITPOINT WARNING * * *
You feel very sick.
You die...

#≈≈≈≈≈≈≈≈
#.......#######...#≈♣P...♣♣
#.................#≈P♣♣.♣.♣
#......#.........#≈≈≈≈≈≈≈≈
#...............#≈≈≈≈≈≈≈≈
###...............#≈.♣♣PP♣P
...............# #≈♣♣P♣PP♣
#............#..#≈♣.♣PPP♣
#......)@.......#≈≈≈≈≈≈≈≈ #
#.##.#######.#..#≈≈≈≈≈≈≈≈
#.#.##.# #≈PP♣.P♣P
##.#.##.#######.# #≈.♣PP.♣P
#................ #≈≈≈≈≈≈≈≈
#..#.###.######.# #########
#. #.###>## #.. # #
#......# #.# # #..##..# #.#
#


There were no monsters in sight!

Vanquished Creatures
  A ball python (D:1)
  A goblin (D:1)
  2 kobolds (D:1)
  2 bats (D:1)
6 creatures vanquished.

Notes
Turn   | Place    | Note
-------+----------+-------------------------------------------
     0 | D:1      | DocClef the Gnoll Fighter began the quest for the Orb.
     0 | D:1      | Reached XP level 1. HP: 23/23 MP: 1/1
   147 | D:1      | HP: 1/23 [poisoned by a kobold]
   148 | D:1      | Succumbed to a kobold's poison

Illustrated notes

Levels and vault maps discovered:
D:1:      lightli_arrival_farm, layout_loops_ring

Action                   || total
-------------------------++-------
Melee: Flail             ||    15
Armor: Scale mail        ||     6
Dodge: Dodged            ||     8
Block: Buckler           ||     4
